[ AOE2 MATCH · #477775294 ]
1v1 EWDravidians vs Byzantines
[ REPLAY ANALYSIS · EXTRACTED FROM THE RECORDED GAME ]
Feudal
13:35
Castle
—
Imperial
—
| APM avg | 52.4 |
| APM peak | 87 |
| eAPM avg | 21.5 |
| Villagers / military | 60 / 71 |
Focus
⚔️ 32.2% · 🌾 67.8%
Archer ×44 · Scout Cavalry ×9 · Mangonel ×5 · Elephant Archer ×5 · Unknown (2626) ×4 · Armored Elephant ×4
Feudal
12:21
Castle
—
Imperial
—
| APM avg | 51.2 |
| APM peak | 82 |
| eAPM avg | 23.1 |
| Villagers / military | 41 / 48 |
Focus
⚔️ 39.5% · 🌾 60.5%
Skirmisher ×24 · Fishing Ship ×21 · Galley ×7 · Fire Galley ×6 · Spearman ×4 · Camel Scout ×4
Match map
Initial resources + every placement click. Lines = walls · curves = elevation contours. ◆ gold · ⬟ stone · ● berries · ✦ relic · ◌ wall gap
Your base· Open — unwalled flank
Matt Stafford's base· Open — unwalled flank
Smoothed initial terrain · ◌ = detected wall gap · hover for details
Inputs per minute
— Robin5hood - - Matt Stafford
Build order — Robin5hood
First 150 of 228 actions detected
| 0:00 | Create | Villager (Male) |
| 0:02 | Research | Double-Bit Axe |
| 0:07 | Create | Villager (Male) |
| 0:37 | Build | Archery Range |
| 0:50 | Build | Dock |
| 0:59 | Create | Villager (Male) |
| 1:05 | Build | Archery Range |
| 1:08 | Research | Fletching |
| 1:09 | Create | Villager (Male) |
| 1:13 | Build | House |
| 1:15 | Build | House |
| 1:18 | Create | Villager (Male) |
| 1:29 | Create | Fishing Ship |
| 1:47 | Create | Villager (Male) |
| 1:50 | Create | Archer |
| 1:55 | Create | Galley |
| 2:04 | Create | Villager (Male) |
| 2:12 | Research | Gold Mining |
| 2:18 | Create | Unit 2626 |
| 2:21 | Create | Villager (Male) |
| 2:21 | Create | Archer |
| 2:52 | Build | House |
| 3:02 | Create | Villager (Male) |
| 3:03 | Create | Archer |
| 3:18 | Create | Villager (Male) |
| 3:31 | Create | Villager (Male) |
| 3:33 | Create | Archer |
| 3:33 | Create | Archer |
| 3:36 | Create | Villager (Male) |
| 3:41 | Build | Mill |
| 3:52 | Create | Villager (Male) |
| 3:52 | Create | Villager (Male) |
| 3:57 | Research | Town Watch |
| 3:59 | Create | Villager (Male) |
| 4:04 | Create | Unit 2626 |
| 4:25 | Create | Villager (Male) |
| 4:28 | Create | Archer |
| 4:28 | Create | Archer |
| 4:29 | Create | Archer |
| 4:51 | Create | Villager (Male) |
| 4:55 | Build | House |
| 5:01 | Build | House |
| 5:02 | Build | House |
| 5:03 | Build | House |
| 5:14 | Research | Wheelbarrow |
| 5:21 | Build | Dock |
| 5:27 | Create | Villager (Male) |
| 5:30 | Build | Farm |
| 5:30 | Build | Farm |
| 5:31 | Build | Farm |
| 5:31 | Build | Farm |
| 5:31 | Build | Farm |
| 5:31 | Build | Farm |
| 5:32 | Research | Horse Collar |
| 5:34 | Create | Villager (Male) |
| 5:36 | Create | Archer |
| 5:36 | Create | Archer |
| 5:37 | Create | Archer |
| 5:55 | Research | Padded Archer Armor |
| 6:05 | Build | Stable |
| 6:08 | Create | Villager (Male) |
| 6:10 | Create | Archer |
| 6:10 | Create | Archer |
| 6:29 | Create | Unit 2626 |
| 6:35 | Create | Villager (Male) |
| 6:58 | Create | Archer |
| 6:58 | Create | Archer |
| 7:05 | Create | Scout Cavalry |
| 7:15 | Create | Archer |
| 7:15 | Create | Archer |
| 7:16 | Create | Villager (Male) |
| 7:17 | Create | Villager (Male) |
| 7:21 | Build | House |
| 7:22 | Build | House |
| 7:23 | Build | House |
| 7:24 | Build | House |
| 7:39 | Create | Demolition Raft |
| 7:53 | Create | Archer |
| 7:53 | Create | Archer |
| 7:54 | Create | Scout Cavalry |
| 7:56 | Create | Villager (Male) |
| 8:33 | Create | Scout Cavalry |
| 8:33 | Create | Villager (Male) |
| 8:36 | Create | Archer |
| 8:36 | Create | Archer |
| 8:45 | Build | Watch Tower |
| 8:53 | Create | Scout Cavalry |
| 9:26 | Build | Market |
| 9:54 | Create | Scout Cavalry |
| 9:58 | Build | House |
| 10:00 | Build | House |
| 10:03 | Create | Villager (Male) |
| 10:07 | Build | Farm |
| 10:08 | Build | Farm |
| 10:30 | Create | Villager (Male) |
| 10:37 | Research | Castle Age |
| 10:42 | Create | Archer |
| 10:43 | Create | Archer |
| 10:47 | Build | Dock |
| 11:03 | Create | Scout Cavalry |
| 11:09 | Create | Archer |
| 11:10 | Create | Archer |
| 11:38 | Create | Scout Cavalry |
| 11:43 | Create | Villager (Male) |
| 11:50 | Build | Farm |
| 11:50 | Build | Farm |
| 11:51 | Build | Farm |
| 11:51 | Build | Farm |
| 11:51 | Build | Farm |
| 11:51 | Build | Farm |
| 11:51 | Build | Farm |
| 11:52 | Build | Farm |
| 12:04 | Create | Scout Cavalry |
| 12:22 | Create | Unit 2626 |
| 12:28 | Build | Farm |
| 12:32 | Build | Farm |
| 12:33 | Research | Scale Barding Armor |
| 12:34 | Create | Scout Cavalry |
| 12:40 | Create | Archer |
| 12:40 | Create | Archer |
| 12:46 | Build | Farm |
| 12:47 | Build | Farm |
| 12:47 | Build | Farm |
| 12:47 | Build | Farm |
| 12:57 | Create | Archer |
| 12:58 | Create | Archer |
| 13:09 | Create | Villager (Male) |
| 13:25 | Create | Villager (Male) |
| 13:30 | Build | Lumber Camp |
| 13:35 | Age | Feudal Age |
| 13:39 | Research | Crossbowman (upgrade) |
| 13:42 | Research | Bodkin Arrow |
| 13:49 | Research | Forging |
| 14:03 | Build | House |
| 14:06 | Build | House |
| 14:27 | Create | Villager (Male) |
| 14:27 | Create | Villager (Male) |
| 14:34 | Build | Monastery |
| 14:39 | Build | Monastery |
| 14:41 | Create | Villager (Male) |
| 14:51 | Create | Elephant Archer |
| 14:51 | Create | Elephant Archer |
| 14:53 | Create | Villager (Male) |
| 14:58 | Build | Lumber Camp |
| 15:01 | Build | Mining Camp |
| 15:06 | Build | House |
| 15:07 | Build | House |
| 15:20 | Build | Farm |
| 15:26 | Create | Monk |
| 15:28 | Build | House |
Build order — Matt Stafford
First 150 of 157 actions detected
| 0:01 | Create | Villager (Male) |
| 0:18 | Create | Villager (Male) |
| 0:20 | Research | Double-Bit Axe |
| 0:30 | Build | Dock |
| 0:35 | Create | Villager (Male) |
| 0:37 | Create | Spearman |
| 0:45 | Build | House |
| 1:11 | Create | Fire Galley |
| 1:28 | Build | Dock |
| 1:34 | Create | Spearman |
| 1:47 | Create | Unit 2626 |
| 2:03 | Create | Unit 2626 |
| 2:04 | Create | Villager (Male) |
| 2:08 | Build | House |
| 2:14 | Build | House |
| 2:18 | Create | Villager (Male) |
| 2:49 | Create | Fire Galley |
| 2:49 | Create | Unit 2626 |
| 2:51 | Create | Villager (Male) |
| 3:10 | Build | Archery Range |
| 3:43 | Create | Villager (Male) |
| 3:43 | Create | Villager (Male) |
| 3:44 | Create | Villager (Male) |
| 3:50 | Build | House |
| 3:52 | Build | House |
| 3:54 | Create | Skirmisher |
| 3:55 | Create | Skirmisher |
| 3:55 | Create | Skirmisher |
| 3:57 | Research | Fletching |
| 4:14 | Create | Skirmisher |
| 4:15 | Create | Skirmisher |
| 4:56 | Create | Skirmisher |
| 4:56 | Create | Skirmisher |
| 5:07 | Create | Villager (Male) |
| 5:07 | Create | Villager (Male) |
| 5:08 | Create | Villager (Male) |
| 5:08 | Create | Villager (Male) |
| 5:46 | Create | Skirmisher |
| 5:46 | Create | Skirmisher |
| 5:57 | Create | Villager (Male) |
| 5:57 | Create | Villager (Male) |
| 6:00 | Build | Mill |
| 6:07 | Build | Dock |
| 6:08 | Create | Fishing Ship |
| 6:09 | Create | Fishing Ship |
| 6:09 | Create | Fishing Ship |
| 6:17 | Build | Market |
| 6:37 | Create | Fire Galley |
| 6:37 | Create | Fire Galley |
| 6:59 | Create | Fishing Ship |
| 7:00 | Create | Fishing Ship |
| 7:00 | Research | Tech 906 |
| 7:14 | Build | House |
| 7:15 | Build | House |
| 7:15 | Build | House |
| 7:21 | Research | Wheelbarrow |
| 8:02 | Create | Villager (Male) |
| 8:58 | Create | Skirmisher |
| 8:59 | Create | Skirmisher |
| 9:17 | Research | Padded Archer Armor |
| 9:41 | Research | Castle Age |
| 9:55 | Create | Villager (Male) |
| 10:42 | Create | Fire Galley |
| 10:42 | Create | Fire Galley |
| 11:11 | Create | Villager (Male) |
| 11:12 | Create | Skirmisher |
| 11:13 | Create | Skirmisher |
| 11:21 | Create | Galley |
| 11:21 | Create | Galley |
| 11:22 | Create | Galley |
| 11:22 | Create | Galley |
| 11:51 | Create | Demolition Raft |
| 11:52 | Create | Demolition Raft |
| 12:21 | Age | Feudal Age |
| 12:29 | Research | War Galley (upgrade) |
| 12:46 | Build | Town Center |
| 12:54 | Build | Town Center |
| 13:04 | Research | Tech 905 |
| 13:05 | Create | Villager (Male) |
| 13:05 | Create | Villager (Male) |
| 13:17 | Build | Monastery |
| 13:19 | Create | Villager (Male) |
| 13:19 | Create | Villager (Male) |
| 13:31 | Create | Villager (Male) |
| 13:43 | Research | Bodkin Arrow |
| 13:49 | Research | Elite Skirmisher (upgrade) |
| 13:56 | Create | Villager (Male) |
| 14:05 | Build | Monastery |
| 14:07 | Create | Villager (Male) |
| 14:32 | Create | Villager (Male) |
| 14:35 | Build | Stable |
| 14:53 | Build | Town Center |
| 15:14 | Research | Stone Mining |
| 15:48 | Create | Camel Scout |
| 16:09 | Research | Gold Mining |
| 16:12 | Create | Fishing Ship |
| 16:12 | Create | Fishing Ship |
| 16:13 | Create | Fishing Ship |
| 16:44 | Create | Fishing Ship |
| 16:45 | Create | Fishing Ship |
| 16:45 | Create | Fishing Ship |
| 16:51 | Build | Dock |
| 16:52 | Create | Monk |
| 17:13 | Create | Skirmisher |
| 17:14 | Create | Skirmisher |
| 17:21 | Build | Archery Range |
| 17:24 | Create | Camel Scout |
| 17:27 | Create | Villager (Male) |
| 17:28 | Create | Fishing Ship |
| 17:29 | Create | Fishing Ship |
| 17:29 | Create | Fishing Ship |
| 17:57 | Create | Villager (Male) |
| 18:03 | Create | Fishing Ship |
| 18:04 | Create | Fishing Ship |
| 18:04 | Create | Fishing Ship |
| 18:20 | Create | Skirmisher |
| 18:21 | Create | Skirmisher |
| 18:21 | Create | Skirmisher |
| 18:25 | Build | House |
| 18:28 | Build | House |
| 18:28 | Build | House |
| 18:29 | Build | House |
| 18:29 | Build | House |
| 18:29 | Build | House |
| 18:31 | Build | House |
| 18:32 | Build | House |
| 18:50 | Create | Camel Scout |
| 18:50 | Create | Camel Scout |
| 19:00 | Build | Castle |
| 19:24 | Build | Castle |
| 19:34 | Create | Villager (Male) |
| 19:35 | Create | Villager (Male) |
| 20:16 | Research | Leather Archer Armor |
| 20:17 | Create | Villager (Male) ×5 |
| 20:21 | Build | University |
| 20:44 | Create | Villager (Male) |
| 20:44 | Create | Villager (Male) |
| 21:21 | Create | Galley |
| 21:21 | Create | Galley |
| 21:22 | Create | Galley |
| 21:25 | Create | Villager (Male) |
| 21:40 | Create | Fishing Ship |
| 21:40 | Create | Fishing Ship |
| 21:41 | Create | Fishing Ship |
| 21:41 | Create | Fishing Ship |
| 21:52 | Build | Dock |
| 21:55 | Create | Villager (Male) |
| 21:55 | Create | Villager (Male) |
| 22:15 | Create | Villager (Male) |
| 22:20 | Create | Skirmisher |
Match timeline
| 0:30 | Matt Stafford · first_building Dock |
| 0:37 | Robin5hood · first_building Archery Range |
| 0:50 | Robin5hood · first_building Dock |
| 3:10 | Matt Stafford · first_building Archery Range |
| 6:05 | Robin5hood · first_building Stable |
| 9:19 | Matt Stafford · first_market_sell 100 wood |
| 9:21 | Matt Stafford · first_market_buy 100 food |
| 10:33 | Robin5hood · first_market_sell 500 wood |
| 10:34 | Robin5hood · first_market_buy 100 food |
| 12:21 | Matt Stafford · age_up feudal |
| 13:17 | Matt Stafford · first_building Monastery |
| 13:35 | Robin5hood · age_up feudal |
| 14:34 | Robin5hood · first_building Monastery |
| 14:35 | Matt Stafford · first_building Stable |
| 18:44 | Robin5hood · first_building Castle |
| 19:00 | Matt Stafford · first_building Castle |
| 19:03 | Robin5hood · first_building Siege Workshop |
| 24:06 | Matt Stafford · resign |
[ AI ANALYSIS · 1 CREDIT ]
What really happened in this match?
Wolo.gg analyzes every decision: build order, eco, micro, common mistakes by bracket. Personalized analysis on WhatsApp or Discord in 30 seconds.
Civ guide
Dravidians
Map guide
Loch Ness
Perfil
Jugador #369054